 Dungeon Crawl Stone Soup version 0.30-a0-1124-g6e8f0f562f (webtiles) character file.

Game seed: 1483030405130921412

31024 backslashecho the Bludgeoner (level 13, -3/105 HPs)
             Began as a Pale Draconian Warper on Apr 23, 2023.
             Was an Elder of Okawaru.
             Killed from afar by a swamp worm (11 damage)
             ... with a harpoon shot
             ... on level 2 of the Lair of Beasts.
             The game lasted 01:12:30 (15606 turns).

backslashecho the Bludgeoner (DrWr)                Turns: 15606, Time: 01:12:30

Health: -3/105     AC: 11    Str: 16    XL:     13   Next: 23%
Magic:  18/20      EV: 14    Int: 34    God:    Okawaru [****..]
Gold:   576        SH: 13    Dex: 11    Spells: 4/20 levels left

rFire   + . .        a - +3 flail (protect)
rCold   + . .        j - +2 kite shield
rNeg    . . .        (body armour unavailable)
rPois   .            k - +2 hat {Int+3}
rElec   .            t - scarf "Apluurre" {rC+ rF+, Will+ Int+9}
rCorr   .            n - +0 pair of gloves
SInv    +            (no boots)
Will    +....        x - amulet of regeneration
Stlth   +++          s - ring of see invisible
HPRegen 1.17/turn    F - +6 ring of intelligence
MPRegen 0.17/turn

%: no passive effects
@: about to teleport, heroic
A: breathe steam, AC +8, unfitting armour, cold-blooded, steam resistance
a: Breathe Steam, Renounce Religion, Heroism, Finesse


You were on level 2 of the Lair of Beasts.
You worshipped Okawaru.
Okawaru was greatly pleased with you.
You visited 3 branches of the dungeon, and saw 15 of its levels.
You also visited: Bailey.

You collected 576 gold pieces.

Inventory:

Hand Weapons
 a - a +3 flail of protection (weapon)
 b - a +1 antimagic whip
Missiles
 c - 5 boomerangs of dispersal
 g - 6 javelins
 l - 6 silver javelins
 p - 10 boomerangs
 r - 11 poisoned darts (quivered)
Armour
 j - a +2 kite shield (worn)
 k - a +2 hat of intelligence (worn)
 n - a +0 pair of gloves (worn)
 t - the scarf "Apluurre" (worn) {rC+ rF+, Will+ Int+9}
   (You found it on level 4 of the Dungeon)

   Int:       It affects your intelligence (+9).
   Will:      It increases your willpower.
Jewellery
 e - a ring of fire
 s - a ring of see invisible (left hand)
 x - an amulet of regeneration (around neck)
 F - a +6 ring of intelligence (right hand)
 I - a ring of resist corrosion
Wands
 i - a wand of flame (45)
 A - a wand of iceblast (10)
Scrolls
 h - 2 scrolls of fear
 m - 3 scrolls of enchant armour
 u - 9 scrolls of teleportation
 w - 3 scrolls of fog
 z - a scroll of enchant weapon
 C - 5 scrolls of identify
 G - 4 scrolls of blinking
 K - a scroll of amnesia
Potions
 d - 12 potions of ambrosia
 f - 2 potions of magic
 q - 2 potions of curing
 v - 3 potions of brilliance
 B - a potion of resistance
 H - a potion of cancellation
 J - 5 potions of mutation
 L - a potion of might
 M - 3 potions of flight


   Skills:
 * Level 7.1(12.1) Fighting
 - Level 16.0(21.0) Maces & Flails
 - Level 1.0(6.0) Throwing
 + Level 5.7(10.7) Dodging
 - Level 5.0(10.0) Shields
 - Level 1.0(6.0) Unarmed Combat
 - Level 4.0 Spellcasting
 - Level 8.0 Translocations
 - Level 3.0 Fire Magic
 - Level 3.0 Air Magic
 - Level 10.0 Invocations


You had 4 spell levels left.
You knew the following spells:

 Your Spells              Type           Power      Damage    Failure   Level
a - Vhi's Electric Charg  Tloc/Air       88%        N/A       3%          3
b - Blink                 Tloc           100%       N/A       1%          2
c - Lesser Beckoning      Tloc           100%       N/A       1%          2
d - Volatile Blastmotes   Fire/Tloc      88%        2d17      3%          3
e - Manifold Assault      Tloc           57%        N/A       3%          4
f - Scorch                Fire           54%        2d7       4%          2

Your spell library contained the following spells:

 Spells                   Type           Power      Damage    Failure   Level
 Teleport Other           Tloc           57%        N/A       1%          3
 Cigotuvi's Dreadful Rot  Necr/Pois/Air  26%        N/A       11%         2
 Inner Flame              Hex/Fire       17%        N/A       17%         3
 Ignite Poison            Fire/Tmut/Pois 13%        N/A       21%         3
 Iskenderun's Mystic Bla  Conj/Tloc      34%        2d8       21%         4
 Dazzling Flash           Conj/Hex       12%        N/A       30%         3
 Spider Form              Tmut/Pois      6%         N/A       30%         3
 Stone Arrow              Conj/Erth      12%        3d7       30%         3
 Flame Wave               Conj/Fire      17%        2d7       50%         4
 Anguish                  Hex/Necr       3%         N/A       71%         4
 Cause Fear               Hex            3%         N/A       71%         4
 Freezing Cloud           Conj/Ice/Air   6%         6-21      88%         5
 Starburst                Conj/Fire      8%         6d4       100%        6
 Enfeeble                 Hex            3%         N/A       100%        7
 Storm Form               Tmut/Air       8%         N/A       100%        7
 Lehudib's Crystal Spear  Conj/Erth      3%         10d2      100%        8
 Maxwell's Capacitive Co  Air            13%        ∞         100%        8
 Summon Lightning Spire   Summ/Air       Unusable   N/A       N/A         4
 Animate Armour           Summ/Erth      Unusable   N/A       N/A         4

Dungeon Overview and Level Annotations

Branches:
Dungeon (12/15) Zot: 26488  Temple (1/1) D:6 Zot: 5793    Lair (2/5) D:9 Zot: 8699
  Snake (0/4) Lair:2          Orc (0/2) D:9          Bailey (visited)
  Swamp: Lair:2-3    Shoals: Lair:2-3

Altars:
Ashenzari
Cheibriados
Dithmenos
Elyvilon
Fedhas
Gozag
Hepliaklqana
Kikubaaqudgha
Makhleb
Nemelex Xobeh
Okawaru
Qazlal
Ru
Sif Muna
Trog
Uskayaw
Vehumet
Wu Jian
Xom
Yredelemnul
Zin
The Shining One

Annotations:
Lair:1 exclusion: oklob plant


Innate Abilities, Weirdness & Mutations

You can breathe blasts of scalding, opaque steam.
Your pale cyan-grey scales are hard. (AC +8)
You cannot fit into any form of body armour.
You are cold-blooded and may be slowed by cold attacks.
You are immune to the effects of steam.


Message History

The swamp worm attacks as you move away!
The swamp worm bites you!
You take 6 damage, and have 41/105 hp.
The swamp worm attacks as you move away!
You block the swamp worm's attack.
The swamp worm fires a harpoon shot at you.
The harpoon shot hits you.
You are yanked forward by the harpoon shot.
You block the swamp worm's attack. The swamp worm bites you!
* * * LOW HITPOINT WARNING * * *
You take 14 damage, and have 27/105 hp.
You are too injured to fight recklessly!
The swamp worm bites you!!
* * * LOW HITPOINT WARNING * * *
You take 16 damage, and have 11/105 hp.
As you read the scroll of teleportation, it crumbles to dust.
You feel strangely unstable.
The swamp worm bites you but does no damage.
You barely miss the swamp worm.
The swamp worm fires a harpoon shot at you.
The harpoon shot hits you!
* * * LOW HITPOINT WARNING * * *
You are yanked forward by the harpoon shot.
You take 10 damage, and have 3/105 hp.
Unknown command.
Unknown command.
You feel much better. You block the swamp worm's attack.
The swamp worm bites you!
* * * LOW HITPOINT WARNING * * *
You regained 4 hp, and now have 7/105 hp.
Casting: Vhi's Electric Charge (mildly dangerous; 3% risk of failure)
Confirm with . or Enter, or press ? or * to list all spells.
You can't see anything to charge at.
Unknown command.
Casting: Vhi's Electric Charge (mildly dangerous; 3% risk of failure)
Confirm with . or Enter, or press ? or * to list all spells.
You blink.
The swamp worm fires a harpoon shot at you.
The harpoon shot hits you!
You die...

♣.♣ ♣♣.♣♣ #.## ##.#########
#..# ...........## # #..#
.........##.# ##.# ♣♣.#
..........######.... ♣♣♣
..........# ##...♣♣♣♣♣♣♣♣♣♣♣♣♣
..........###..♣♣♣~~≈~~~~≈~§~♣
.............†⌠.............§§
.............†w.@†♣.♣.....♣§♣§
...........##.§♣♣♣~~≈~~~~~≈≈§§
............##w..♣♣♣♣♣♣♣♣♣♣♣♣♣
............####......♣ ♣♣♣♣♣
#...........# ######## ##...#
# #...........## #....# #
##P..........# ###.## #
###.....#.### ######## ##..###
##.....## ###.....)### #..†.#.


You could see a swamp worm.

Vanquished Creatures
  Erolcha (D:10)
  3 vault guards
  A catoblepas (D:9)
  Erica (D:10)
  7 death yaks
  A two-headed ogre (D:11)
  Pikel (D:4)
  A bog body (Lair:2)
  2 black mambas
  Joseph (D:6)
  A torpor snail (Lair:2)
  Maggie (D:6)
  7 cane toads
  5 komodo dragons
  3 rime drakes (Lair:2)
  A polar bear (Lair:2)
  A queen bee (Lair:1)
  A hornet (D:9)
  A troll (D:9)
  7 blink frogs
  Prince Ribbit (Bailey)
  Grinder (D:4)
  Sigmund (D:4)
  6 wyverns
  A basilisk (Lair:2)
  19 yaks
  5 humans (Bailey)
  A steam dragon (D:7)
  A swamp worm (Lair:2)
  4 nagas (Lair:2)
  12 water moccasins
  6 orc warriors
  2 ice beasts (D:6)
  2 black bears
  5 wolves
  4 centaurs
  6 ogres
  A phantom (D:6)
  Blork the orc (D:4)
  22 bullfrogs
  A kobold brigand (D:10)
  2 gnoll sergeants
  5 scorpions
  5 wights (D:9)
  32 killer bees
  4 howler monkeys
  5 hounds
  8 orc priests
  A jelly (D:7)
  A gnoll bouda (D:9)
  2 sleepcaps
  5 iguanas
  13 orc wizards
  Robin (D:1)
  5 adders
  23 gnolls
  A white imp (D:5)
  An ufetubus (D:5)
  A worm (D:5)
  6 dart slugs
  54 orcs
  12 ball pythons
  10 endoplasms
  2 giant cockroaches
  13 goblins
  6 hobgoblins
  12 jackals
  7 quokkas
  6 bats
  5 frilled lizards
  10 kobolds
  9 rats
416 creatures vanquished.

Vanquished Creatures (others)
  A bullfrog (D:7)
  A scorpion (D:4)
  2 howler monkeys (D:7)
  A kobold (D:10)
  21 fungi
  12 plants
38 creatures vanquished.

Grand Total: 454 creatures vanquished

Notes
Turn   | Place    | Note
-------+----------+-------------------------------------------
     0 | D:1      | backslashecho the Draconian Warper began the quest for the
                  | Orb.
     0 | D:1      | Reached XP level 1. HP: 17/17 MP: 3/3
    34 | D:1      | Reached skill level 1 in Throwing
   193 | D:1      | Reached XP level 2. HP: 22/24 MP: 5/5
   452 | D:1      | Found a faded altar of an unknown god.
   507 | D:1      | Reached XP level 3. HP: 25/30 MP: 6/6
   511 | D:1      | Reached skill level 1 in Unarmed Combat
   597 | D:2      | Noticed Robin
   776 | D:1      | Killed Robin
   890 | D:2      | Reached skill level 3 in Maces & Flails
   890 | D:2      | Reached XP level 4. HP: 19/37 MP: 7/7
  1482 | D:2      | Noticed a black bear
  1518 | D:2      | Killed a black bear
  1519 | D:2      | Reached XP level 5. HP: 12/45 MP: 7/9
  1780 | D:2      | Reached skill level 4 in Maces & Flails
  2034 | D:3      | Reached XP level 6. HP: 51/51 MP: 10/10
  2089 | D:3      | Noticed a water moccasin
  2102 | D:3      | Killed a water moccasin
  2964 | D:3      | Learned a level 3 spell: Vhi's Electric Charge
  2967 | D:3      | Learned a level 2 spell: Blink
  2970 | D:3      | Learned a level 2 spell: Lesser Beckoning
  2974 | D:3      | Learned a level 3 spell: Volatile Blastmotes
  3022 | D:4      | Identified the scarf "Apluurre" {rC+ rF+, Will+ Int+9}
  3125 | D:4      | Reached skill level 5 in Maces & Flails
  3125 | D:4      | Your scales start taking on a pale cyan-grey colour.
  3125 | D:4      | Reached XP level 7. HP: 59/59 MP: 12/12
  3125 | D:4      | Gained mutation: You are immune to the effects of steam.
                  | [Pale Draconian growth]
  3187 | D:4      | Noticed Sigmund
  3191 | D:4      | Killed Sigmund
  3409 | D:4      | Noticed Blork the orc
  3418 | D:4      | Reached skill level 6 in Maces & Flails
  3418 | D:4      | Reached skill level 5 in Translocations
  3424 | D:4      | Killed Blork the orc
  3425 | D:4      | Reached skill level 5 in Fighting
  3425 | D:4      | Reached XP level 8. HP: 47/68 MP: 7/14
  3502 | D:4      | Noticed Pikel
  3535 | D:4      | Killed Pikel
  3536 | D:4      | Reached skill level 7 in Maces & Flails
  3696 | D:4      | Noticed Grinder
  3713 | D:4      | Killed Grinder
  3714 | D:4      | Reached skill level 8 in Maces & Flails
  3960 | D:5      | Entered Level 5 of the Dungeon
  4226 | D:5      | Reached skill level 1 in Fire Magic
  4247 | D:5      | Reached skill level 1 in Air Magic
  4412 | D:5      | Got the Textbook on the Hot Shapeshifter
  4470 | D:5      | Reached XP level 9. HP: 78/78 MP: 11/15
  4692 | D:5      | Reached skill level 1 in Shields
  4946 | D:5      | Reached skill level 9 in Maces & Flails
  5185 | D:6      | Found a staircase to the Ecumenical Temple.
  5194 | Temple   | Entered the Ecumenical Temple
  5387 | Temple   | Became a worshipper of Warmaster Okawaru
  5423 | D:6      | Learned a level 4 spell: Manifold Assault
  5436 | D:6      | Learned a level 2 spell: Scorch
  5745 | D:6      | Noticed Maggie
  5766 | D:6      | Killed Maggie
  5766 | D:6      | Reached * piety under Okawaru
  5767 | D:6      | Reached skill level 1 in Invocations
  6045 | D:7      | Noticed Joseph
  6066 | D:6      | Killed Joseph
  6067 | D:6      | Reached skill level 10 in Maces & Flails
  6067 | D:6      | Reached XP level 10. HP: 18/86 MP: 8/16
  6180 | D:7      | You fall into a shaft and drop 3 floors!
  6180 | D:10     | Entered Level 10 of the Dungeon
  6314 | D:10     | Reached ** piety under Okawaru
  6389 | D:9      | Found a staircase to the Orcish Mines.
  6394 | D:9      | Noticed a death yak
  6735 | D:8      | Found a flagged portal.
  6749 | Bailey   | Entered a bailey
  6968 | Bailey   | Reached *** piety under Okawaru
  6989 | Bailey   | Noticed Prince Ribbit
  6989 | Bailey   | Noticed a vault guard
  7012 | Bailey   | Reached skill level 11 in Maces & Flails
  7034 | Bailey   | Killed a vault guard
  7035 | Bailey   | Reached skill level 5 in Shields
  7035 | Bailey   | Killed Prince Ribbit
  7105 | Bailey   | Noticed a vault guard
  7155 | Bailey   | Killed a vault guard
  7155 | Bailey   | Reached **** piety under Okawaru
  7541 | D:8      | Reached XP level 11. HP: 72/92 MP: 13/17
  7543 | D:8      | Reached skill level 5 in Invocations
  8681 | D:9      | Found a staircase to the Lair.
  8689 | D:9      | Noticed a death yak
  8689 | D:9      | Noticed a death yak
  8690 | D:9      | Noticed a death yak
  8691 | D:9      | Noticed a death yak
  8716 | D:9      | Noticed a death yak
  8718 | D:9      | Killed a death yak
  8719 | D:9      | Reached skill level 12 in Maces & Flails
  8719 | D:9      | Noticed a death yak
  8730 | D:9      | Killed a death yak
  8741 | D:9      | Killed a death yak
  8761 | D:8      | HP: 1/92 [death yak (7)]
  8891 | D:8      | Killed a death yak
  9254 | D:9      | Killed a death yak
  9260 | D:9      | Killed a death yak
  9271 | D:9      | Killed a death yak
  9272 | D:9      | Reached skill level 13 in Maces & Flails
  9523 | D:9      | HP: 2/92 [troll (11)]
 10488 | D:10     | Reached XP level 12. HP: 93/100 MP: 18/18
 10649 | D:10     | Noticed Erica
 10681 | D:10     | Killed Erica
 10682 | D:10     | Reached skill level 14 in Maces & Flails
 10945 | D:10     | Found a hazy altar of Hepliaklqana.
 11036 | D:11     | Noticed Erolcha
 11036 | D:11     | Noticed a two-headed ogre
 11065 | D:10     | Killed Erolcha
 11065 | D:10     | Reached ***** piety under Okawaru
 11603 | D:11     | Killed a two-headed ogre
 11603 | D:11     | Identified the scarf "Ofeew" {shadows, Rampage} (Okawaru
                  | gifted it to you on level 11 of the Dungeon)
 11603 | D:11     | Received a gift from Okawaru
 11862 | D:12     | Noticed a vault guard
 11896 | D:11     | Killed a vault guard
 11945 | Lair:1   | Entered Level 1 of the Lair of Beasts
 11947 | Lair:1   | Noticed a catoblepas
 12194 | D:9      | Killed a catoblepas
 12282 | Lair:1   | Found a stormy altar of Qazlal.
 12766 | Lair:1   | Reached skill level 15 in Maces & Flails
 14564 | Lair:2   | Found a staircase to the Snake Pit.
 14619 | Lair:2   | Reached XP level 13. HP: 47/105 MP: 20/20
 14757 | Lair:2   | Reached skill level 5 in Dodging
 15274 | Lair:2   | Reached skill level 10 in Invocations
 15535 | Lair:2   | Reached skill level 16 in Maces & Flails
 15604 | Lair:2   | HP: 3/105 [swamp worm/harpoon shot (11)]
 15606 | Lair:2   | Killed from afar by a swamp worm

Illustrated notes

Levels and vault maps discovered:
D:1:      lemuel_arrival_hallway, layout_basic,
          dreamdust_ecumenical_altar_statues
D:2:      layout_loops_ring, uniq_robin
D:3:      minmay_recursive_quarters, layout_loops_ring
D:4:      layout_loops_cross, uniq_sigmund, uniq_pikel, uniq_grinder,
          uniq_blork_the_orc
D:5:      layout_gridville, st_stairs_1, grunt_decor_cap, minmay_pentangle
D:6:      layout_basic, minmay_temple_entry_statues, uniq_maggie
D:7:      layout_cave_pools, serial_column_ruins, column_ruins_hut_ruined,
          column_ruins_columns_straight, column_ruins_grid_1,
          column_ruins_columns_straight, column_ruins_columns_straight,
          column_ruins_columns_dead_end, kennysheep_pointless_box, uniq_joseph
D:8:      layout_loops_corners, enter_bailey_6
D:9:      layout_layer_cave, dpeg_lair_monsters, orc_0_dummy
D:10:     layout_loops_cross, kennysheep_mini, uniq_erica
D:11:     layout_loops_cross, uniq_erolcha
D:12:     layout_stronghold, enter_trove_5
Temple:   minmay_crystal_snake_temple
Lair:1:   layout_layer_cave, special_room [special_room_bee], lemuel_oklob_altar
Lair:2:   nzn_winding_woodlands_cross [nzn_winding_woodlands_5x15_pool,
          nzn_winding_woodlands_5x15_sawtooth,
          nzn_winding_woodlands_5x15_river_crossing,
          nzn_winding_woodlands_5x15_concentric,
          nzn_winding_woodlands_15x15_killbox], layout_cave_pods,
          nicolae_swamp_entry_splash_gauntlet,
          minmay_snake_entry_guardpost_small

Skill      XL: |  1  2  3  4  5  6  7  8  9 10 11 12 13 |
---------------+----------------------------------------+-----
Throwing       | 1 |  1.0
Unarmed Combat | 1 |  1.0
Maces & Flails | 3 4 5 6 8 10 11 13 15 16 | 16.0
Fighting       | 3 4 5 6 7 |  7.1
Spellcasting   | 3 4 |  4.0
Translocations | 4 5 6 8 |  8.0
Fire Magic     | 1 3 |  3.0
Air Magic      | 1 3 |  3.0
Shields        | 3 5 |  5.0
Invocations    | 2 4 7 9 10 | 10.0
Dodging        | 4 5 |  5.7

Action                     |  1- 3 |  4- 6 |  7- 9 | 10-12 | 13-15 || total
---------------------------+-------+-------+-------+-------+-------++-------
  Melee: Mace              |   141 |   133 |       |       |       ||   274
         Tailslap          |    10 |    20 |    43 |   172 |    27 ||   272
         Punch             |     1 |     3 |     6 |       |       ||    10
         Flail             |       |    97 |   273 |  1050 |   157 ||  1577
  Throw: Boomerang         |       |     3 |       |       |       ||     3
         Dart              |       |       |     5 |    11 |       ||    16
         Throwing net      |       |       |     1 |       |       ||     1
         Javelin           |       |       |       |     5 |       ||     5
   Cast: Vhi's Electric Ch |       |       |    22 |    42 |     1 ||    65
         Volatile Blastmot |       |       |     5 |     7 |       ||    12
         Scorch            |       |       |     2 |     4 |       ||     6
         Manifold Assault  |       |       |     1 |    12 |       ||    13
         Blink             |       |       |       |     1 |     1 ||     2
 Invoke: Heroism           |       |       |       |    18 |     5 ||    23
         Finesse           |       |       |       |     1 |       ||     1
Ability: Breathe Steam     |       |       |     6 |    29 |       ||    35
  Evoke: Wand              |       |     7 |     7 |    10 |       ||    24
    Use: Potion            |     1 |     3 |       |    11 |     1 ||    16
         Scroll            |       |     2 |       |    19 |     1 ||    22
   Stab: Sleeping          |     1 |       |     1 |       |       ||     2
         Invisible         |       |     1 |     7 |     4 |       ||    12
         Held in net/web   |       |       |     1 |       |       ||     1
 Armour: Skin              |    53 |   103 |   105 |   333 |    35 ||   629
  Dodge: Dodged            |   128 |   163 |   163 |   448 |    47 ||   949
  Block: Buckler           |       |       |     6 |   121 |       ||   127
         Kite shield       |       |       |       |   242 |    91 ||   333

Table legend: (Time is in decaauts)
 A = Elapsed time spent in this place.
 B = Non-inter-level travel time spent in this place.
 C = Inter-level travel time spent in this place.
 D = Time resting spent in this place.
 E = Time spent auto-exploring this place.
 F = Levels seen in this place.
 G = Mean time per level.
                   A        B        C        D        E       F      G
               +--------+--------+--------+--------+--------+-----+--------+
         Total |  15495 |  14650 |    845 |   1531 |   8416 |  16 |  968.4 |
       Dungeon |  11468 |  10715 |    753 |   1286 |   5921 |  12 |  955.7 |
        Temple |    206 |    162 |     44 |      0 |    141 |   1 |  206.0 |
          Lair |   3299 |   3251 |     48 |    161 |   2291 |   2 | 1649.5 |
        Bailey |    520 |    520 |      0 |     84 |     62 |   1 |  520.0 |
               +--------+--------+--------+--------+--------+-----+--------+

Top non-repeatable levels by time:
  Lair:1: 1895 daAuts
     D:9: 1811 daAuts
  Lair:2: 1404 daAuts
     D:8: 1375 daAuts
     D:4: 1148 daAuts
     D:2: 1065 daAuts
     D:3: 1055 daAuts
     D:1: 971 daAuts
     D:6: 897 daAuts
     D:5: 894 daAuts
    D:10: 841 daAuts
    D:11: 795 daAuts
     D:7: 597 daAuts
  Bailey: 520 daAuts
  Temple: 206 daAuts
